Map: [G8] Royal Blood

Players

herO

  • Race: Protoss Protoss
  • Spawn Location: 7:00

Dark - Winner!

  • Race: Zerg Zerg
  • Spawn Location: 1:00

Event: Gamers8 2023

VOD

Have the link to the VOD?

Description

Time

  • Played on: Aug. 4, 2023, 6:48 a.m.
  • Length: 27:45

All games in this series

Show
View Real Time Build Order
Export as new Build Order

herO Protoss 

Build Orders: 1 Gate Expand, Oracle Opening, Carriers 

Get SALT Encoding   

  12  0:00  Probe  
  13  0:13  Pylon  
  13  0:17  Probe (Chrono Boost)  
  14  0:26  Probe (Chrono Boost)  
  15  0:31  Probe  
  16  0:38  Gateway  
  16  0:44  Probe  
  16  0:47  Assimilator  
  17  0:56  Probe  
  18  1:08  Probe  
  19  1:20  Probe  
  20  1:26  Nexus  
  20  1:35  Cybernetics Core  
  20  1:37  Probe  
  21  1:44  Assimilator  
  21  1:49  Probe  
  21  1:53  Pylon  
  22  2:02  Probe  
  23  2:09  Adept (Chrono Boost)  
  23  2:14  Probe  
  26  2:17  Stargate  
  26  2:25  Warp Gate  
  26  2:26  Probe  
  27  2:32  Adept  
  29  2:39  Probe (Chrono Boost)  
  29  2:43  Probe (Chrono Boost)  
  31  2:48  Probe (Chrono Boost)  
  33  2:51  Probe (Chrono Boost)  
  33  2:53  Probe (Chrono Boost)  
  33  2:57  Oracle (Chrono Boost)  
  34  3:04  Adept  
  39  3:07  Probe x2  
  39  3:12  Pylon  
  41  3:21  Gateway, Probe x2  
  43  3:28  Oracle (Chrono Boost)  
  46  3:34  Probe  
  46  3:35  Probe  
  48  3:49  Nexus  
  48  3:51  Pylon  
  48  3:53  Probe x2  
  50  3:56  Oracle (Chrono Boost)  
  53  4:03  Pylon  
  53  4:05  Probe  
  53  4:09  Probe  
  55  4:12  Assimilator  
  55  4:15  Assimilator  
  55  4:18  Adept x2  
  55  4:21  Probe x2  
  61  4:34  Gateway x2  
  61  4:37  Probe, Shield Battery  
  61  4:38  Probe  
  63  4:45  Shield Battery  
  65  4:52  Stalker  
  65  4:53  Stalker  
  65  4:55  Shield Battery  
  65  4:59  Shield Battery  
  67  5:01  Pylon  
  67  5:02  Probe x2  
  67  5:03  Probe  
  70  5:14  Probe  
  70  5:18  Stalker x2  
  75  5:24  Probe x2  
  75  5:26  Probe  
  78  5:30  Stalker x2, Shield Battery  
  82  5:37  Shield Battery  
  82  5:42  Shield Battery  
  82  5:46  Stalker x2  
  74  5:54  Probe x2  
  74  5:56  Stalker x2  
  80  6:00  Cybernetics Core  
  80  6:01  Oracle (Chrono Boost)  
  80  6:06  Probe  
  82  6:13  Zealot x2  
  83  6:22  Pylon  
  78  6:28  Zealot  
  78  6:29  Probe  
  78  6:30  Probe x2  
  77  6:33  Oracle (Chrono Boost)  
  77  6:38  Pylon  
  70  6:40  Pylon  
  70  6:41  Probe  
  70  6:42  Probe x2  
  70  6:44  Zealot x2  
  71  6:50  Stalker  
  71  6:52  Gateway  
  71  6:54  Probe  
  74  7:01  Stalker  
  74  7:02  Probe  
  74  7:06  Probe  
  76  7:11  Stalker  
  76  7:12  Stalker  
  71  7:18  Probe x2  
  71  7:20  Oracle  
  74  7:30  Probe  
  74  7:31  Twilight Council  
  74  7:36  Stargate  
  75  7:37  Pylon, Nexus  
  75  7:44  Pylon, Probe x2  
  77  7:54  Fleet Beacon  
  77  7:58  Probe x2  
  79  8:05  Stargate  
  79  8:07  Gateway  
  79  8:08  Protoss Air Weapons Level 1  
  79  8:12  Probe x2  
  81  8:22  Sentry  
  81  8:24  Probe x2  
  81  8:25  Shield Battery  
  91  8:42  Pylon, Carrier (Chrono Boost)  
  91  8:43  Pylon  
  91  8:47  Assimilator  
  91  8:48  Carrier (Chrono Boost), Assimilator  
  91  8:49  Probe  
  91  8:52  Probe  
  91  8:53  Probe  
  91  8:55  Sentry  
  102  8:56  Stalker  
  102  9:01  Stalker  
  106  9:05  Carrier (Chrono Boost)  
  112  9:20  Pylon  
  118  9:39  Carrier (Chrono Boost)  
  118  9:43  Stalker x6  
  130  9:50  Twilight Council  
  130  9:54  Pylon  
  130  9:55  Pylon  
  130  9:59  Pylon  
  130  10:08  Robotics Facility  
  130  10:09  Pylon  
  130  10:21  Carrier (Chrono Boost)  
  136  10:30  Pylon  
  136  10:32  Protoss Air Weapons Level 2 (Chrono Boost)  
  136  10:34  Forge  
  136  10:36  Nexus  
  142  10:43  Carrier (Chrono Boost)  
  142  10:47  Pylon  
  142  10:49  Shield Battery  
  142  10:52  Shield Battery  
  142  10:54  Carrier (Chrono Boost)  
  142  11:00  Observer  
  149  11:07  Protoss Ground Weapons Level 1  
  149  11:08  Photon Cannon  
  149  11:13  Photon Cannon  
  149  11:15  Photon Cannon  
  149  11:21  Assimilator  
  149  11:24  Assimilator, Observer  
  150  11:30  Charge  
  150  11:34  Templar Archives  
  150  11:35  Gateway  
  150  11:38  Gateway  
  150  11:39  Observer  
  150  11:42  Carrier (Chrono Boost)  
  156  11:49  Probe  
  156  11:50  Probe x3  
  160  11:57  Carrier (Chrono Boost)  
  166  12:11  Carrier (Chrono Boost)  
  166  12:14  Shield Battery  
  172  12:21  Zealot x4  
  181  12:23  Observer  
  181  12:34  Observer x2  
  181  12:37  Psionic Storm  
  181  12:39  Carrier  
  151  12:53  Zealot, High Templar x2  
  151  12:54  Zealot x4  
  165  13:00  Gateway x2  
  165  13:02  Photon Cannon  
  165  13:07  Photon Cannon, Shield Battery  
  165  13:19  High Templar  
  171  13:20  High Templar  
  173  13:29  Pylon  
  173  13:30  Zealot x4  
  181  13:36  Robotics Bay  
  167  13:54  Zealot x7  
  143  13:59  Carrier (Chrono Boost)  
  133  14:09  Carrier (Chrono Boost)  
  133  14:12  Nexus, Observer  
  133  14:15  Robotics Facility  
  133  14:19  Carrier  
  133  14:23  Zealot, High Templar  
  143  14:27  Photon Cannon  
  143  14:29  Shield Battery  
  143  14:39  Photon Cannon  
  143  14:42  Photon Cannon, High Templar x2  
  147  14:48  Probe  
  147  14:49  Probe x2  
  147  14:52  Pylon  
  150  14:53  Assimilator  
  150  14:55  Assimilator  
  150  15:04  Disruptor (Chrono Boost)  
  154  15:08  Carrier (Chrono Boost)  
  154  15:11  Photon Cannon  
  154  15:12  Photon Cannon  
  157  15:14  Shield Battery  
  157  15:19  Photon Cannon  
  157  15:32  Disruptor, Mothership (Chrono Boost)  
  157  15:35  Observer  
  160  15:42  Observer  
  168  15:43  Pylon  
  168  15:44  Photon Cannon  
  168  15:45  Photon Cannon  
  168  15:46  Observer  
  168  15:49  Oracle (Chrono Boost)  
  171  16:00  Nexus  
  171  16:02  Pylon  
  170  16:04  Shield Battery  
  170  16:10  Protoss Ground Weapons Level 2  
  170  16:28  Tempest (Chrono Boost)  
  170  16:29  Photon Cannon, Tempest (Chrono Boost)  
  170  16:31  Photon Cannon  
  180  16:33  Tempest (Chrono Boost)  
  180  16:37  Protoss Air Weapons Level 3 (Chrono Boost)  
  185  16:43  High Templar x2  
  185  16:44  Zealot x3  
  195  16:50  Zealot  
  195  16:53  Photon Cannon  
  197  16:57  Photon Cannon  
  197  16:59  Photon Cannon  
  197  17:01  Shield Battery  
  197  17:12  Zealot  
  197  17:28  High Templar x3  
  197  17:29  Archon  
  198  17:30  Observer  
  198  17:34  Archon  
  196  17:41  Assimilator x2  
  196  17:42  Photon Cannon  
  196  17:44  Photon Cannon  
  196  17:45  Photon Cannon x2  
  196  17:46  Photon Cannon  
  196  17:56  Photon Cannon  
  196  17:58  Pylon  
  196  18:00  Photon Cannon  
  196  18:16  Zealot x2  
  183  18:34  Protoss Shields Level 1  
  183  18:36  Zealot x5  
  183  18:37  Zealot x2  
  183  18:39  Pylon  
  164  19:02  Carrier (Chrono Boost), Mothership (Chrono Boost)  
  140  19:03  Carrier x2 (Chrono Boost)  
  131  19:13  Blink (Chrono Boost), Stalker x10  
  141  19:21  Observer  
  149  19:26  Pylon  
  149  19:32  Disruptor (Chrono Boost)  
  152  19:42  Protoss Air Armor Level 1, Nexus  
  152  19:45  Pylon  
  152  19:46  Photon Cannon  
  152  19:47  High Templar  
  152  19:48  Photon Cannon, High Templar x3  
  152  19:49  High Templar  
  152  19:50  High Templar  
  152  19:51  Archon  
  152  19:52  Archon  
  164  19:55  High Templar x2, Archon  
  164  19:58  Zealot  
  170  20:00  Photon Cannon  
  170  20:02  Archon, Shield Battery  
  170  20:04  Disruptor (Chrono Boost)  
  173  20:09  Probe x4  
  176  20:27  Carrier (Chrono Boost)  
  176  20:29  Carrier (Chrono Boost)  
  176  20:33  Disruptor  
  191  20:36  Carrier (Chrono Boost)  
  155  21:19  Nexus  
  155  21:21  Carrier x2 (Chrono Boost), Disruptor  
  160  21:26  High Templar  
  160  21:27  High Templar  
  160  21:28  Zealot x8  
  160  21:31  Archon  
  162  21:45  Carrier (Chrono Boost)  
  130  21:55  Archon  
  121  22:05  Disruptor (Chrono Boost)  
  115  22:09  Photon Cannon  
  115  22:10  Shield Battery  
  115  22:11  High Templar  
  115  22:13  Probe  
  115  22:14  Zealot x2, Probe x3  
  134  22:16  Carrier (Chrono Boost)  
  134  22:22  Assimilator  
  134  22:26  High Templar, Assimilator  
  134  22:27  High Templar  
  138  22:32  Probe x3  
  138  22:34  Probe x2  
  138  22:35  Probe  
  144  22:40  Observer (Chrono Boost)  
  145  22:47  Oracle (Chrono Boost)  
  144  22:51  High Templar  
  144  22:55  Probe x3  
  144  22:56  Probe x3  
  152  23:03  High Templar  
  152  23:11  High Templar  
  154  23:30  Photon Cannon  
  154  23:31  Shield Battery  
  154  23:34  Immortal (Chrono Boost)  
  163  23:47  Void Ray x2 (Chrono Boost)  
  166  23:52  Void Ray (Chrono Boost)  
  170  24:02  Zealot x3  
  170  24:03  Zealot x2  
  170  24:06  Observer  
  171  24:20  Void Ray (Chrono Boost)  
  171  24:23  Zealot  
  171  24:24  Oracle (Chrono Boost), Zealot  
  170  24:30  Void Ray (Chrono Boost)  
  175  24:43  Nexus  
  175  24:48  Shield Battery  
  175  24:50  Shield Battery  
  179  24:56  Void Ray  
  179  24:59  Void Ray  
  183  25:19  Void Ray  
  183  25:25  Zealot x8  
  183  25:26  Zealot  
  193  25:48  Oracle  
  180  26:32  Zealot x2, High Templar x8  
  199  26:36  Archon x3  
  199  26:37  Archon  
  145  27:04  Void Ray x2 (Chrono Boost), Zealot x10  
  145  27:05  Void Ray (Chrono Boost)  
Show
View Real Time Build Order
Export as new Build Order

Dark Zerg - Winner!

Build Orders: Hatch First, Lurkers 

Get SALT Encoding   

  12  0:00  Drone  
  13  0:12  Overlord  
  13  0:17  Drone  
  14  0:30  Drone x2  
  16  0:48  Hatchery  
  15  0:51  Drone  
  15  0:55  Drone  
  17  0:57  Drone  
  18  1:09  Extractor  
  17  1:13  Spawning Pool  
  17  1:16  Drone  
  17  1:20  Drone  
  18  1:29  Drone  
  19  1:46  Drone  
  20  1:50  Overlord  
  20  2:00  Queen x2  
  24  2:01  Zergling x2  
  24  2:03  Zergling x2  
  26  2:12  Drone x2  
  28  2:16  Metabolic Boost  
  28  2:23  Drone x2  
  30  2:36  Zergling x2  
  31  2:43  Hatchery  
  30  2:46  Drone  
  30  2:49  Queen  
  33  2:52  Zergling x2  
  33  2:56  Drone  
  35  2:59  Overlord  
  35  3:08  Drone  
  35  3:09  Drone  
  36  3:14  Overlord  
  36  3:18  Drone x5  
  41  3:25  Queen  
  43  3:30  Spore Crawler, Drone  
  43  3:33  Drone  
  44  3:35  Drone  
  43  3:49  Drone  
  43  3:50  Drone x3  
  43  3:53  Drone x2  
  43  3:54  Drone, Roach Warren  
  49  3:59  Overlord  
  49  4:00  Extractor  
  49  4:01  Drone  
  49  4:03  Extractor  
  49  4:04  Drone  
  49  4:05  Drone  
  49  4:08  Spore Crawler  
  49  4:10  Drone  
  49  4:12  Drone  
  51  4:28  Overlord  
  47  4:34  Roach x5  
  47  4:35  Roach  
  47  4:36  Roach  
  61  4:39  Roach  
  61  4:43  Zergling x4  
  65  4:46  Overlord  
  65  4:51  Zergling x4  
  67  4:54  Zergling x4  
  67  4:57  Ravager x2  
  67  4:59  Overlord  
  71  5:02  Zergling x2  
  71  5:04  Zergling x2  
  73  5:07  Ravager  
  73  5:09  Zergling x2  
  73  5:13  Zergling x6  
  78  5:15  Ravager  
  78  5:17  Zergling x4  
  80  5:25  Ravager  
  81  5:28  Zergling x2  
  81  5:29  Zergling x8  
  85  5:42  Zergling x12  
  88  5:47  Ravager x2  
  87  5:52  Zergling x4  
  87  5:55  Queen  
  89  5:59  Zergling x2  
  89  6:00  Zergling x2  
  89  6:02  Zergling x2  
  87  6:09  Zergling x4  
  81  6:19  Zergling x6  
  81  6:21  Ravager  
  81  6:22  Queen x2, Zergling x2  
  81  6:31  Zergling x4  
  77  6:34  Zergling x2  
  77  6:35  Zergling x2  
  71  6:40  Zergling x2  
  71  6:45  Drone x2  
  70  6:49  Lair  
  70  6:52  Zergling x2  
  69  6:56  Roach, Drone  
  69  6:58  Queen x2  
  76  7:02  Drone  
  76  7:08  Drone x2  
  77  7:14  Drone  
  72  7:16  Drone x2  
  72  7:17  Drone x2  
  72  7:22  Drone  
  73  7:27  Drone  
  70  7:32  Drone x2  
  70  7:34  Queen  
  70  7:36  Evolution Chamber  
  73  7:37  Spore Crawler  
  73  7:41  Roach x3  
  78  7:45  Overlord  
  78  7:47  Glial Reconstitution  
  78  7:50  Overlord  
  78  7:51  Roach  
  80  7:52  Overlord  
  80  7:53  Drone  
  80  7:55  Overlord x2  
  81  8:02  Overlord  
  82  8:05  Drone x3  
  82  8:06  Drone  
  82  8:07  Ravager x4  
  82  8:09  Zerg Missile Weapons Level 1  
  89  8:13  Drone x4  
  89  8:14  Overseer  
  93  8:20  Drone  
  93  8:21  Drone  
  93  8:23  Hydralisk Den  
  93  8:24  Drone x3  
  93  8:25  Extractor, Drone  
  93  8:26  Extractor  
  96  8:28  Drone x3  
  96  8:30  Drone  
  100  8:40  Extractor  
  99  8:43  Drone  
  99  8:44  Drone x2  
  102  8:49  Drone x12  
  114  8:57  Grooved Spines  
  114  9:02  Hatchery  
  113  9:07  Roach x5  
  123  9:12  Infestation Pit  
  123  9:16  Hydralisk x2  
  126  9:19  Lurker Den  
  126  9:23  Hydralisk x2  
  129  9:36  Overlord  
  129  9:38  Overlord x2  
  129  9:41  Overlord  
  129  9:42  Overlord  
  129  9:44  Overlord  
  129  9:49  Hive  
  129  9:57  Hydralisk x4  
  129  9:59  Hydralisk x2  
  137  10:02  Hydralisk x3  
  137  10:03  Hydralisk  
  137  10:06  Zerg Missile Weapons Level 2  
  149  10:08  Extractor  
  149  10:09  Extractor, Muscular Augments  
  149  10:10  Hydralisk  
  149  10:15  Zergling x2  
  149  10:16  Zergling x2, Spore Crawler  
  149  10:21  Lurker x2  
  151  10:22  Overlord  
  151  10:26  Drone x3  
  151  10:27  Zergling x10  
  160  10:29  Lurker  
  161  10:39  Lurker  
  161  10:40  Lurker  
  163  10:45  Spore Crawler, Lurker  
  163  10:46  Hatchery  
  162  10:51  Lurker  
  164  10:57  Drone  
  164  11:00  Drone x2  
  164  11:01  Drone x2  
  164  11:03  Spine Crawler, Seismic Spines  
  167  11:04  Spine Crawler  
  167  11:06  Overseer  
  166  11:15  Spore Crawler  
  166  11:16  Spore Crawler  
  164  11:18  Viper  
  164  11:20  Viper  
  170  11:29  Overlord  
  169  11:34  Spire, Drone x5  
  169  11:35  Drone x4  
  169  11:37  Hatchery  
  175  12:00  Adaptive Talons  
  175  12:02  Drone  
  175  12:03  Drone x2  
  175  12:08  Hydralisk x11  
  177  12:09  Evolution Chamber  
  177  12:14  Spore Crawler  
  177  12:15  Spore Crawler  
  193  12:17  Spore Crawler  
  193  12:19  Hydralisk x3  
  197  12:32  Hydralisk  
  197  12:44  Hydralisk x4  
  184  12:50  Hydralisk x11  
  184  12:51  Hydralisk x2  
  194  12:55  Overlord x2  
  198  13:00  Zerg Missile Weapons Level 3  
  198  13:01  Zerg Flyer Weapons Level 1  
  198  13:03  Extractor, Spore Crawler, Drone x2  
  198  13:04  Extractor, Overlord  
  197  13:06  Spine Crawler  
  196  13:28  Overlord, Hydralisk x2  
  156  14:00  Corruptor x13  
  156  14:02  Hydralisk x3  
  142  14:05  Hydralisk  
  142  14:06  Hydralisk  
  142  14:07  Zergling x10  
  152  14:13  Lurker  
  152  14:14  Lurker  
  154  14:18  Hydralisk  
  154  14:19  Spore Crawler, Hydralisk  
  154  14:23  Zerg Ground Armor Level 1  
  157  14:26  Drone  
  158  14:34  Lurker  
  158  14:35  Lurker x2  
  161  14:41  Overseer  
  161  14:46  Lurker x2  
  169  14:54  Zerg Flyer Weapons Level 2  
  169  14:55  Hydralisk  
  169  14:56  Hydralisk  
  169  14:58  Hatchery  
  172  15:01  Hatchery, Overseer  
  172  15:04  Hydralisk x2  
  172  15:07  Pneumatized Carapace  
  168  15:11  Drone x5  
  168  15:13  Lurker x2  
  175  15:15  Spore Crawler  
  175  15:16  Spore Crawler, Drone  
  175  15:17  Drone  
  175  15:20  Spore Crawler x3  
  171  15:23  Adrenal Glands  
  171  15:28  Drone  
  171  15:29  Drone x6  
  171  15:30  Drone x2  
  171  15:31  Drone x2  
  182  15:35  Corruptor  
  182  15:36  Corruptor x3  
  182  15:37  Zerg Melee Weapons Level 1  
  190  15:53  Spire  
  190  15:56  Extractor x2  
  187  15:59  Spine Crawler  
  187  16:00  Corruptor x4  
  187  16:01  Spore Crawler  
  193  16:07  Corruptor x2  
  197  16:16  Infestation Pit  
  196  16:20  Zerg Ground Armor Level 2  
  196  16:34  Spine Crawler  
  196  16:35  Spine Crawler  
  196  16:36  Spore Crawler  
  196  16:38  Pathogen Glands  
  193  16:59  Ultralisk Cavern, Drone x2  
  193  17:01  Lurker x6  
  200  17:11  Greater Spire  
  198  17:37  Zerg Melee Weapons Level 2  
  198  17:42  Extractor  
  198  17:43  Hatchery  
  196  17:48  Chitinous Plating  
  196  17:51  Zerg Flyer Weapons Level 3  
  192  18:01  Corruptor x4  
  194  18:18  Overseer x2  
  194  18:38  Spine Crawler  
  162  18:59  Corruptor  
  162  19:00  Corruptor x5  
  142  19:06  Corruptor x6  
  142  19:07  Anabolic Synthesis  
  142  19:08  Zerg Flyer Armor Level 1  
  145  19:12  Corruptor x3  
  145  19:16  Drone x2  
  151  19:17  Corruptor x3  
  151  19:23  Hydralisk x3  
  163  19:24  Zergling x10  
  163  19:25  Zergling x8  
  163  19:29  Zergling x2  
  172  19:35  Drone x4  
  172  19:38  Extractor  
  175  19:41  Brood Lord  
  175  19:42  Brood Lord x6  
  189  19:51  Brood Lord  
  191  20:05  Zergling x16  
  199  20:14  Zerg Ground Armor Level 3, Zerg Melee Weapons Level 3  
  193  20:30  Lurker  
  193  20:33  Lurker  
  195  20:37  Corruptor  
  195  20:38  Corruptor x4  
  186  20:53  Corruptor x3  
  186  20:55  Zergling x2  
  186  20:56  Zergling x20  
  177  20:58  Corruptor  
  177  20:59  Corruptor  
  181  21:06  Corruptor x2  
  185  21:11  Hydralisk x2  
  186  21:19  Hydralisk x2  
  186  21:20  Corruptor  
  189  21:31  Corruptor x2  
  188  21:40  Overseer x3  
  180  21:47  Corruptor x3  
  180  21:48  Corruptor x2  
  169  21:55  Corruptor x2  
  169  22:00  Corruptor  
  161  22:03  Corruptor  
  161  22:06  Hydralisk  
  159  22:12  Drone x3  
  162  22:26  Zergling x6  
  165  22:35  Lurker  
  165  22:36  Hatchery  
  165  22:39  Zergling x6  
  165  22:40  Zergling x26  
  181  22:45  Overseer  
  181  22:54  Viper  
  181  22:55  Viper x2  
  190  23:05  Zerg Flyer Armor Level 2  
  187  23:10  Brood Lord  
  187  23:11  Brood Lord  
  190  23:16  Overseer  
  190  23:17  Corruptor x2  
  193  23:20  Drone x3  
  196  23:30  Corruptor  
  196  23:31  Corruptor  
  199  23:39  Spine Crawler, Drone  
  199  23:40  Extractor, Spine Crawler  
  196  23:41  Extractor  
  195  24:01  Hatchery  
  192  24:05  Corruptor x4  
  198  24:16  Zergling x8  
  199  24:23  Spore Crawler  
  199  24:24  Overseer x3, Spore Crawler  
  195  24:27  Zergling x6  
  192  24:46  Zergling x14  
  192  24:49  Spore Crawler  
  194  25:14  Zergling x10  
  196  25:22  Spore Crawler  
  196  25:24  Spore Crawler  
  196  25:25  Spore Crawler  
  184  25:29  Spore Crawler  
  184  25:30  Zergling x14, Corruptor x4  
  194  26:01  Infestor x4  
  198  26:09  Zergling x6  
  199  26:27  Lair  
  198  26:36  Hatchery  
  194  26:40  Zergling x4  
  194  26:41  Zergling x6  
  194  26:45  Spore Crawler  
  194  26:46  Spore Crawler  
  197  26:49  Spore Crawler  
  181  26:56  Corruptor x9  
  197  27:09  Corruptor  
Tags
 
Add a new tag
Caveats
  • Supply blocks, unpowered buildings, or Contaminate may cause inaccurate times.
  • Supply counts are checked every 10 seconds.